 Dungeon Crawl Stone Soup version 0.24-a0-341-g52ca42d3ec (webtiles) character file.

Game seed: 6671563717857186297

81 MisterFreud the Changer (level 4, 0/28 HPs)
             Began as an Octopode Transmuter on May 20, 2019.
             Slain by an adder (4 damage)
             ... on level 3 of the Dungeon.
             The game lasted 00:03:17 (1744 turns).

MisterFreud the Changer (Octopode Transmuter)       Turns: 1744, Time: 00:03:18

Health: 0/28       AC:  1    Str:  9    XL:     4   Next: 42%
Magic:  7/8        EV: 13    Int: 16    God:
Gold:   104        SH:  0    Dex: 12    Spells: 7/8 levels left

rFire    . . .     SeeInvis .     - Unarmed
rCold    . . .     Gourm    .   (no shield)
rNeg     . . .     Faith    .   (helmet restricted)
rPois    .         Spirit   .   (no amulet)
rElec    .         Reflect  .   (no ring)
rCorr    .         Harm     .   (no ring)
MR       .....                  (no ring)
Stlth    ++........             (no ring)
HPRegen  0.09/turn              (no ring)
MPRegen  0.11/turn              (no ring)
                                (no ring)
                                (no ring)

@: appendage
A: almost no armour, stealthy swim, amphibious, 8 rings, constrict 8, tentacle
spike 3, camouflage 1, gelatinous body 1
a: End Transformation


You were on level 3 of the Dungeon.
You were not hungry.
One of your tentacles had a temporary spike.
You visited 1 branch of the dungeon, and saw 3 of its levels.

You collected 104 gold pieces.

Inventory:

Missiles
 a - 12 arrows
 b - 32 stones (quivered)
Jewellery
 m - a +3 ring of intelligence {unknown}
Wands
 l - a wand of enslavement (8)
Scrolls
 f - a scroll of remove curse
 h - a scroll of enchant armour {unknown}
 i - a scroll of magic mapping {unknown}
 j - a scroll of enchant weapon {unknown}
Potions
 e - a potion of heal wounds {unknown}
 g - a potion of curing {unknown}
 k - a potion of haste
Comestibles
 c - 6 rations
 d - 5 chunks of flesh


   Skills:
 - Level 1.0 Fighting
 - Level 2.0 Dodging
 - Level 3.0 Unarmed Combat
 + Level 2.8 Spellcasting
 * Level 3.9 Transmutations


You had 7 spell levels left.
You knew the following spells:

 Your Spells              Type           Power        Failure   Level  Hunger
a - Beastly Appendage     Tmut           ##....       3%          1    #......

Your spell library contained the following spells:

 Spells                   Type           Power        Failure   Level  Hunger
 Sticks to Snakes         Tmut           ##......     6%          2    ##.....
 Spider Form              Tmut/Pois      #.........   26%         3    ###....
 Ice Form                 Ice/Tmut       #.......     63%         4    #####..
 Blade Hands              Tmut           ##........   71%         5    ######.


Dungeon Overview and Level Annotations

Branches:
Dungeon (3/15)

Altars:

Annotations:
D:2 Robin


Innate Abilities, Weirdness & Mutations

You cannot wear most types of armour.
You are very stealthy in the water. (Stealth+)
You are amphibious.
You can wear up to eight rings at the same time.
You can use your tentacles to constrict eight enemies at once.
Your skin changes colour to match your surroundings (Stealth+).
Your rubbery body absorbs attacks. (AC +1, EV +1)
One of your tentacles bears a large vicious spike.


Message History

You eat one of the 6 chunks of flesh.
This raw flesh tastes terrible.
Your transformation is almost over.
You start resting.
Your tentacle spike disappears.
You start resting.
An adder comes into view.
An adder is nearby!
You start resting.
The adder is too close now for your liking.
Casting: Beastly Appendage (safe; 3% risk of failure)
Confirm with . or Enter, or press ? or * to list all spells.
One of your tentacles grows a vicious spike.
The adder hisses angrily.
You miss the adder. Your grab misses the adder.
Your tentacle spike misses the adder.
The adder bites you.
* * * LOW HITPOINT WARNING * * *
The adder closely misses you.
You closely miss the adder. You grab the adder. Your squeeze misses the adder.
You constrict the adder. The adder bites you.
You die...

... #.# #.#
#.# ####.#
.?..# #
#.(# .#
#.@##.####.
#.S#†.?..S.
#..<....#
#.......#
##......#
#.....##
..#####
##.# ..#


You could see an adder.

Vanquished Creatures
  3 adders (D:2)
  A worm (D:2)
  A dart slug (D:2)
  3 leopard geckos
  A giant cockroach (D:1)
  9 goblins
  9 hobgoblins
  A quokka (D:2)
  8 bats
  2 frilled lizards
  3 kobolds (D:2)
  3 rats
44 creatures vanquished.

Notes
Turn   | Place    | Note
-------+----------+-------------------------------------------
     0 | D:1      | MisterFreud the Octopode Transmuter began the quest for the
                  | Orb.
     0 | D:1      | Reached XP level 1. HP: 13/13 MP: 3/3
   272 | D:1      | Reached XP level 2. HP: 13/18 MP: 5/5
   995 | D:2      | Reached XP level 3. HP: 23/23 MP: 6/6
  1419 | D:2      | Reached XP level 4. HP: 11/28 MP: 5/8
  1677 | D:2      | Noticed Robin
  1744 | D:3      | Slain by an adder

Levels and vault maps discovered:
D:1:      lightli_iron_boxes, layout_basic, minmay_door_square
D:2:      layout_loops_ring, kennysheep_generic_room_6, uniq_robin
D:3:      layout_loops_ring, first_ration,
          chequers_ecumenical_altar_simple_redux

Skill      XL: |  1  2 |
---------------+-------+-----
Transmutations | 3 |  3.9
Fighting       | |  1.0
Dodging        | |  2.0
Unarmed Combat | |  3.0
Spellcasting   | |  2.8

Action                   |  1- 3 |  4- 6 || total
-------------------------+-------+-------++-------
Melee: Unarmed           |    75 |    28 ||   103
       Constrict         |    21 |    12 ||    33
       Kick              |     4 |     6 ||    10
       Tentacles         |    11 |     8 ||    19
       Punch             |     2 |       ||     2
 Cast: Beastly Appendage |     5 |     4 ||     9
  Use: Scroll            |     5 |       ||     5
 Stab: Sleeping          |     6 |     1 ||     7
  Eat: Chunk             |     2 |     1 ||     3
Armor: Skin              |    18 |     4 ||    22
Dodge: Dodged            |    52 |    18 ||    70

Table legend:
 A = Non-vault XP
 B = Vault XP
 C = Vault XP percentage of total XP
 D = Non-vault monster count
 E = Vault monster count
 F = Vault count percentage of total count
                 A         B        C        D         E       F
            +---------+---------+-------+---------+---------+-------
      Total |      70 |      47 |  40.2 |      31 |      13 |  29.5
            +---------+---------+-------+---------+---------+-------
        D:1 |      31 |       0 |   0.0 |      17 |       0 |   0.0
        D:2 |      39 |      45 |  53.6 |      14 |      12 |  46.2
        D:3 |       0 |       2 | 100.0 |       0 |       1 | 100.0
            +---------+---------+-------+---------+---------+-------
